 Dungeon Crawl Stone Soup version 0.25-a0-167-g836c352ace (webtiles) character file.

Game seed: 1106393800033567660, levelgen mode: deterministic

56 Leeroy the Conjurer (level 3, 0/28 HPs)
             Began as a Draconian Conjurer on Nov 25, 2019.
             Succumbed to a worker ant's poison
             ... on level 3 of the Dungeon.
             The game lasted 00:02:52 (1983 turns).

Leeroy the Conjurer (Draconian Conjurer)            Turns: 1983, Time: 00:02:53

Health: 0/28       AC:  6    Str: 11    XL:     3   Next: 69%
Magic:  4/6        EV: 12    Int: 11    God:
Gold:   86         SH:  0    Dex: 11    Spells: 5/6 levels left

rFire    . . .     SeeInvis .   f - +0 dagger
rCold    . . .     Gourm    .   (no shield)
rNeg     . . .     Faith    .   (armour unavailable)
rPois    .         Spirit   .   (helmet restricted)
rElec    .         Reflect  .   (no cloak)
rCorr    .         Harm     .   (no gloves)
MR       .....                  m - +0 pair of boots
Stlth    ++........             (no amulet)
HPRegen  0.09/turn              (no ring)
MPRegen  0.10/turn              (no ring)

@: lethally poisoned (0 -> -11), flying
A: unfitting armour, dopey 2, sense surroundings 1, robust 1, cold-blooded, AC
+5
a: no special abilities


You were on level 3 of the Dungeon.
You were not hungry.

You visited 1 branch of the dungeon, and saw 3 of its levels.

You collected 86 gold pieces.

Inventory:

Hand Weapons
 d - a -3 hunting sling
 f - a +0 dagger (weapon)
Armour
 a - a +0 buckler
 m - a +0 pair of boots (worn)
Jewellery
 o - an uncursed amulet of magic regeneration {unknown}
Scrolls
 c - a scroll of blinking {unknown}
 g - 2 scrolls of amnesia {unknown}
 h - a scroll of teleportation
 j - 3 scrolls of identify {unknown}
Potions
 e - a potion of degeneration {unknown}
 i - 3 potions of might {unknown}
 k - a potion of heal wounds {unknown}
 p - a potion of flight
Comestibles
 b - 11 rations
 n - 2 chunks of flesh


   Skills:
 - Level 1.7 Dodging
 + Level 4.0 Stealth
 - Level 2.0 Spellcasting
 - Level 4.0 Conjurations


You had 5 spell levels left.
You knew the following spells:

 Your Spells              Type           Power        Failure   Level  Hunger
a - Magic Dart            Conj           #...         5%          1    ##.....

Your spell library contained the following spells:

 Spells                   Type           Power        Failure   Level  Hunger
 Searing Ray              Conj           #.....       9%          2    ###....
 Dazzling Spray           Conj/Hex       #.....       36%         3    ####...
 Iskenderun's Mystic Bla  Conj           #.......     50%         4    #####..
 Force Lance              Conj/Tloc      #.......     77%         4    #####..
 Fulminant Prism          Conj/Hex       #.........   77%         4    #####..


Dungeon Overview and Level Annotations

Branches:
Dungeon (3/15)

Altars:


Innate Abilities, Weirdness & Mutations

Your plain brown scales are hard. (AC +5)
You cannot fit into any form of body armour.
You are cold-blooded and may be slowed by cold attacks.
You are very dopey. (Int -4)
You passively map a small area around you.
You are robust. (+10% HP)


Message History

It was a potion of flight.
You feel very buoyant.
You fly up into the air.
* * * LOW HITPOINT WARNING * * *
You feel sick.
Drop what? 16/52 slots (_ for help) (? for menu, Esc to quit)
Okay, then.
It was a potion of mutation.
You feel extremely strange.
You feel stupid. x2
You feel a strange attunement to the structure of the dungeons.
You feel robust.
* * * LOW HITPOINT WARNING * * *
You feel sick.
You are lethally poisoned (2 -> -10).
You are flying.
Your flying speed is average.
Your attack speed is average.
Your base attributes are Str 11, Int 15, Dex 11.
Char dumped successfully.
* * * LOW HITPOINT WARNING * * *
You feel sick.
You die...

#####.######.###.#.#
#.### #.# #.......# **#.#
#.# #####.### * ..#
#####.#### ##+## * .#
#........# ##...##
#.(....#.# ##.....## *,
.... #......#.#
##.......## .###
#........###.....†...#*
..##
#...........'.@.......+
....
#.#.....#..##.=.......#
..##
#.#######..###.......#...
# #..# ##.....## #, #..#
##...## * * #..# ##+## *
#..# * #..# * , , * ,


There were no monsters in sight!

Vanquished Creatures
  A worker ant (D:3)
  An adder (D:3)
  A ball python (D:3)
  5 goblins
  2 hobgoblins (D:1)
  2 jackals (D:1)
  4 kobolds
  4 bats
  2 frilled lizards
  A rat (D:3)
23 creatures vanquished.

Notes
Turn   | Place    | Note
-------+----------+-------------------------------------------
     0 | D:1      | Leeroy the Draconian Conjurer began the quest for the Orb.
     0 | D:1      | Reached XP level 1. HP: 14/14 MP: 3/3
   524 | D:1      | Reached XP level 2. HP: 20/20 MP: 1/5
   934 | D:1      | You fall into a shaft and drop 1 floor!
  1879 | D:3      | Reached XP level 3. HP: 26/26 MP: 6/6
  1980 | D:3      | Gained mutation: You are dopey. (Int -2) [potion of
                  | mutation]
  1980 | D:3      | Gained mutation: You are very dopey. (Int -4) [potion of
                  | mutation]
  1980 | D:3      | Gained mutation: You passively map a small area around you.
                  | [potion of mutation]
  1980 | D:3      | Gained mutation: You are robust. (+10% HP) [potion of
                  | mutation]
  1981 | D:3      | HP: 1/28 [poisoned by a worker ant]
  1983 | D:3      | Succumbed to a worker ant's poison

Levels and vault maps discovered:
D:1:      elethiomel_arrival_quiet, layout_basic
D:2:      layout_rooms
D:3:      layout_loops_corners, first_ration, minmay_door_square

Skill      XL: |  1  2  3 |
---------------+----------+-----
Stealth        | 2 3 4 |  4.0
Dodging        | |  1.7
Spellcasting   | |  2.0
Conjurations   | |  4.0

Action                   || total
-------------------------++-------
Melee: Unarmed           ||    28
       Tailslap          ||     5
       Dagger            ||    40
 Fire: Hunting sling     ||     2
 Cast: Magic Dart        ||    10
  Use: Scroll            ||     2
       Potion            ||     2
 Stab: Sleeping          ||     6
  Eat: Chunk             ||     3
Armor: Skin              ||    20
Dodge: Dodged            ||    48

Table legend:
 A = Non-vault XP
 B = Vault XP
 C = Vault XP percentage of total XP
 D = Non-vault monster count
 E = Vault monster count
 F = Vault count percentage of total count
                 A         B        C        D         E       F
            +---------+---------+-------+---------+---------+-------
      Total |      80 |       0 |   0.0 |      23 |       0 |   0.0
            +---------+---------+-------+---------+---------+-------
        D:1 |      17 |       0 |   0.0 |      10 |       0 |   0.0
        D:2 |       6 |       0 |   0.0 |       4 |       0 |   0.0
        D:3 |      57 |       0 |   0.0 |       9 |       0 |   0.0
            +---------+---------+-------+---------+---------+-------
